[Event "*** Titled Tuesday Blitz"]
[Site "Chess.com"]
[Date "2019.02.05"]
[Round "4"]
[White "champ2005"]
[Black "x-5963514717"]
[Result "1-0"]
[WhiteElo "2598"]
[BlackElo "2452"]
[TimeControl "180+2"]
[EndTime "13:49:03 PST"]
[Termination "champ2005 won by resignation"]

1. b3 e5 2. Bb2 Nc6 3. e3 Nf6 4. Nf3 e4 5. Nd4 Bd6 6. d3 O-O 7. Be2 Re8 8. O-O Nxd4 9. Bxd4 Be5 10. Bxe5 Rxe5 11. c4 exd3 12. Qxd3 d6 13. Nc3 Bf5 14. Qd4 Qe7 15. Bf3 Be4 16. Nxe4 Nxe4 17. Rad1 Re8 18. Qxa7 b6 19. Bxe4 Rxe4 20. Qb7 Qd7 21. Rd2 h5 22. Rfd1 h4 23. Rxd6 Qe7 24. Rd7 Qg5 25.
h3 c5 26. Qd5 R8e5 27. Qxf7+ Kh7 28. R7d5 Qh6 29. Rxe5 Rxe5 30. Rd5 Rxd5 31. Qxd5 Qf6 32. Qe4+ Kh8 33. a3 Kg8 34. b4 Qa1+ 35. Kh2 Qxa3 36. bxc5 Qxc5 37. Qxh4 g6 38. Qe4 Kg7 39. f4 b5 40.
cxb5 Qxb5 41. Qe5+ Qxe5 42. fxe5 Kf7 43. Kg3 Ke6 44. Kf4 1-0

[Event "*** Titled Tuesday Blitz"]
[Site "Chess.com"]
[Date "2019.02.05"]
[Round "4"]
[White "NikolasTheiss"]
[Black "Morshynska"]
[Result "1-0"]
[WhiteElo "2196"]
[BlackElo "2073"]
[TimeControl "180+2"]
[EndTime "13:49:04 PST"]
[Termination "NikolasTheiss won by resignation"]

1. e4 e5 2. Nf3 Nc6 3. d4 exd4 4. Bc4 Bc5 5. c3 Nf6 6. cxd4 Bb4+ 7. Bd2 Bxd2+ 8.
Nbxd2 d5 9. exd5 Nxd5 10. O-O O-O 11. h3 Bf5 12. a3 Nb6 13. Re1 Nxd4 14. Rc1 Nxf3+ 15.
Nxf3 Qf6 16. b4 Qb2 17. Qb3 Nxc4 18. Qxc4 c6 19. Re7 Be6 20. Qf4 Qxa3 21. Rxb7 Bd5 22. Nd4 Rfe8 23. Nxc6 Bxc6 24. Qxf7+ 1-0

[Event "*** Titled Tuesday Blitz"]
[Site "Chess.com"]
[Date "2019.02.05"]
[Round "4"]
[White "PowerThinking2650"]
[Black "Fy_Rakotomaharo"]
[Result "0-1"]
[WhiteElo "2251"]
[BlackElo "2476"]
[TimeControl "180+2"]
[EndTime "13:49:05 PST"]
[Termination "Fy_Rakotomaharo won by resignation"]

1. e4 c5 2. Nf3 d6 3. Nc3 a6 4. g3 Nc6 5. Bg2 g6 6. O-O Bg7 7. a4 e5 8. Nd5 Nge7 9. c4 Bg4 10. h3 Bxf3 11. Bxf3 O-O 12. d3 h6 13. h4 f5 14. h5 g5 15. exf5 Nxf5 16. Bg4 Ncd4 17.
Be3 b6 18. a5 bxa5 19. Bd2 Rb8 20. Bxa5 Qe8 21. Bc3 Rb7 22. Rxa6 Rbf7 23. Bxd4 Nxd4 24. Rxd6 e4 25. dxe4 Qe5 26. Rg6 Kh8 27. Bf5 Nxf5 28. exf5 Rxf5 29. Ne3 Rxf2 30. Rxf2 Qxe3 31. Qf1 Bd4 32.
Rxh6+ Kg7 33. Rg6+ Kh7 34. Rc6 Qxg3+ 0-1

[Event "*** Titled Tuesday Blitz"]
[Site "Chess.com"]
[Date "2019.02.05"]
[Round "4"]
[White "Eliwood44"]
[Black "in_shambles"]
[Result "1/2-1/2"]
[WhiteElo "2137"]
[BlackElo "2000"]
[TimeControl "180+2"]
[EndTime "13:49:07 PST"]
[Termination "Game drawn by agreement"]

1. d4 Nf6 2. Nf3 g6 3. Nc3 Bg7 4. e4 d6 5. h3 O-O 6. Be3 b6 7.
Bd3 Bb7 8. O-O Nbd7 9. a4 c5 10.
d5 Rc8 11. Nd2 Ne5 12. Be2 Ned7 13. Re1 e6 14. Nc4 exd5 15. Nxd6 Rc7 16. Nxb7 Rxb7 17. exd5 Ne5 18. a5 Rd7 19. axb6 axb6 20. Bb5 Rd6 21. Bf4 Nxd5 22. Bxe5 Bxe5 23. Ne4 Re6 24. Bc4 Bxb2 25. Bxd5 Re5 26. Rb1 Rxd5 27. Qf3 Bg7 28. Red1 Rxd1+ 29. Rxd1 Qe7 30. g3 Rd8 31. Rb1 Re8 32. Nd2 Qe2 33. Qxe2 Rxe2 34. Nc4 Rxc2 35. Nxb6 c4 36. Nd5 Bd4 37. Ne3 Bxe3 38. fxe3 c3 39.
Rb8+ Kg7 40. Rc8 Rc1+ 41. Kf2 Rc2+ 42. Kf3 Rh2 43. Rxc3 Rxh3 44. Rc7 Rh5 1/2-1/2

[Event "*** Titled Tuesday Blitz"]
[Site "Chess.com"]
[Date "2019.02.05"]
[Round "4"]
[White "EugeneRougon"]
[Black "x-6099009240"]
[Result "1-0"]
[WhiteElo "2570"]
[BlackElo "2390"]
[TimeControl "180+2"]
[EndTime "13:49:10 PST"]
[Termination "EugeneRougon won by resignation"]

1. e4 c5 2. Nf3 d6 3. d4 cxd4 4. Nxd4 Nf6 5. Nc3 a6 6. Be3 e5 7. Nf3 Be7 8. Bc4 O-O 9. O-O Nc6 10. Qe2 Na5 11. Bb3 Nxb3 12. axb3 h6 13. Rfd1 Qc7 14.
Nd2 Be6 15. Nc4 Nd7 16. f3 b5 17. Na5 Nf6 18. Nd5 Bxd5 19. exd5 Nd7 20. c4 Bg5 21.
Bf2 Nc5 22. b4 Nb7 23. Nxb7 Qxb7 24. c5 f5 25. Ra3 dxc5 26. bxc5 b4 27. Ra5 Rfe8 28.
c6 Qc7 29. Rxa6 Rxa6 30. Qxa6 Qd6 31. Qc4 Be7 32. Rc1 Qc7 33. d6+ 1-0

[Event "*** Titled Tuesday Blitz"]
[Site "Chess.com"]
[Date "2019.02.05"]
[Round "4"]
[White "Angry_Serb"]
[Black "wadsy27"]
[Result "1-0"]
[WhiteElo "2540"]
[BlackElo "2308"]
[TimeControl "180+2"]
[EndTime "13:49:10 PST"]
[Termination "Angry_Serb won on time"]

1. e4 c5 2. Nc3 e6 3. Nf3 Nc6 4. g3 Nf6 5. Bg2 d6 6. d4 cxd4 7. Nxd4 a6 8. O-O Qc7 9. Re1 Be7 10. Nb3 h5 11. h3 h4 12. g4 Nd7 13. f4 b5 14. a4 b4 15. Nd5 exd5 16. exd5 Nd8 17.
Nd4 Nf6 18. g5 Nh5 19. f5 Kf8 20. Qf3 Bb7 21. Bd2 f6 22. g6 Ng3 23. Bf4 a5 24. Re3 Kg8 25. Rae1 Bf8 26. Re8 Qc5 27. Qe3 1-0

[Event "*** Titled Tuesday Blitz"]
[Site "Chess.com"]
[Date "2019.02.05"]
[Round "4"]
[White "Grieve72"]
[Black "jamengrand"]
[Result "1-0"]
[WhiteElo "2333"]
[BlackElo "2293"]
[TimeControl "180+2"]
[EndTime "13:49:11 PST"]
[Termination "Grieve72 won by resignation"]

1. d4 Nf6 2. Bg5 e6 3. Nd2 d5 4. e3 Be7 5. Bd3 Nbd7 6. Ngf3 b6 7. O-O Bb7 8. c3 Ne4 9. Bxe7 Qxe7 10. a4 O-O 11. a5 a6 12. axb6 cxb6 13. Qe2 f5 14. Bxa6 Bxa6 15. Rxa6 Rxa6 16. Qxa6 g5 17. Qb7 g4 18.
Ne5 Nxd2 19. Rd1 Nf3+ 20. gxf3 gxf3 21. Kh1 Rd8 22. Rg1+ Kf8 23. Nc6 Qh4 24. Nxd8 Qxd8 25. Qc6 Kf7 26. Qd6 Qc8 27. Qg3 Qf8 28. Qxf3 Nf6 29. Qf4 Ng4 30. Qc7+ Kf6 31. Rxg4 fxg4 32. Qf4+ Ke7 33. Qxf8+ Kxf8 34. Kg2 Ke7 35. f3 gxf3+ 36. Kxf3 Kf6 37. e4 h5 38. exd5 exd5 39. Kf4 b5 40. h4 Ke6 41. Kg5 b4 42. cxb4 Kd6 43. Kxh5 Kc6 44.
Kg5 Kb5 45. Kf5 Kc4 46. Ke5 1-0

[Event "*** Titled Tuesday Blitz"]
[Site "Chess.com"]
[Date "2019.02.05"]
[Round "4"]
[White "leoo2001"]
[Black "Polish_fighter3000"]
[Result "1-0"]
[WhiteElo "2773"]
[BlackElo "3006"]
[TimeControl "180+2"]
[EndTime "13:49:12 PST"]
[Termination "leoo2001 won on time"]

1. e4 c5 2. Nf3 e6 3. Nc3 Nc6 4. Be2 a6 5. d4 cxd4 6. Nxd4 Nge7 7. O-O Nxd4 8. Qxd4 b5 9. a4 Nc6 10. Qe3 b4 11. Nd5 Rb8 12. Rd1 d6 13. Nf4 Be7 14.
b3 Bf6 15. Rb1 Be5 16. Nh5 g6 17. Ng3 Qf6 18. Qh6 Bd4 19. Kh1 Kd7 20. Bf4 Kc7 21.
Rxd4 Nxd4 22. e5 dxe5 23. Bg5 Qxf2 24. Rf1 Nf5 25. Nxf5 Qxe2 26. Ng3 Qxc2 27. Rc1 Qxc1+ 28. Bxc1 Rd8 29. h4 Bb7 30. Bb2 Rbc8 31. Bxe5+ Kb6 32. Qe3+ Ka5 33. Ne2 Rc2 34. Bd4 Rd6 35. Nf4 f6 36. Bc5 Rc6 37. Nd3 R6xc5 38. Nxc5 Bxg2+ 39. Kg1 Bd5 40. Qd4 Rc3 41. Nb7+ 1-0

[Event "*** Titled Tuesday Blitz"]
[Site "Chess.com"]
[Date "2019.02.05"]
[Round "4"]
[White "VerdeNotte"]
[Black "metra93"]
[Result "1-0"]
[WhiteElo "2846"]
[BlackElo "2550"]
[TimeControl "180+2"]
[EndTime "13:49:14 PST"]
[Termination "VerdeNotte won by checkmate"]

1. a3 e5 2. c4 a5 3. Nc3 Nc6 4. Nf3 Nf6 5. g3 Bc5 6. Bg2 d6 7. O-O O-O 8. e3 Bg4 9. h3 Bh5 10. g4 Bg6 11. d4 exd4 12. exd4 Ba7 13. Bg5 h6 14. Bh4 Bh7 15. Qd2 Kh8 16. Nd5 g5 17. Nxg5 hxg5 18. Bxg5 Bxd4 19. Qxd4 Nxd4 20. Bxf6+ Qxf6 21. Nxf6 Bd3 22. Rfd1 Ne2+ 23. Kh2 Bxc4 24. Bxb7 Ra7 25. Bd5 Bxd5 26. Rxd5 Nf4 27. Rg5 Rb7 28. Rb1 Rb3 29. Rf5 Rxh3+ 30. Kg1 Ng6 31. Kg2 Rh4 32. Kg3 Rb8 33. b4 axb4 34. Rxb4 Rxb4 35. axb4 Kg7 36. Nh5+ Kg8 37. Nf6+ Kg7 38. Ne8+ Kf8 39. Nxc7 Rh1 40. f3 Rb1 41. b5 Ne5 42. g5 Kg7 43. Ne8+ Kg6 44.
Rf6+ Kxg5 45. f4+ Kh5 46. Ng7# 1-0

[Event "*** Titled Tuesday Blitz"]
[Site "Chess.com"]
[Date "2019.02.05"]
[Round "4"]
[White "MissingLife"]
[Black "Ellaijio_B"]
[Result "0-1"]
[WhiteElo "2458"]
[BlackElo "2646"]
[TimeControl "180+2"]
[EndTime "13:49:14 PST"]
[Termination "Ellaijio_B won by resignation"]

1. Nf3 c5 2. g3 b6 3. Bg2 Bb7 4. c4 Nf6 5. d4 cxd4 6. Qxd4 Nc6 7. Qd2 Rc8 8. Nc3 Ne5 9. b3 Nxf3+ 10. exf3 h5 11. h4 g6 12. O-O Bg7 13. Bb2 O-O 14.
Rfe1 d6 15. Re3 Re8 16. Rd1 Bh6 17. f4 Bxg2 18. Kxg2 Qd7 19. Nd5 Nxd5 20. Qxd5 Qc6 21. Qxc6 Rxc6 22. Rde1 Kf8 23. Re4 Rc7 24. Ba3 Rd7 25.
f3 Bg7 26. g4 Bf6 27. Kg3 a6 28. Rd1 Red8 29. Rd5 e6 30. Rd1 Kg7 31. Re3 Kh7 32.
Red3 d5 33. cxd5 Rxd5 34. Rxd5 Rxd5 35. Rxd5 exd5 36. g5 Bd4 37. f5 gxf5 38. Bd6 Kg6 39. Bc7 b5 40. Kg2 Be3 41. Kf1 f6 42. gxf6 Kxf6 43.
Ke2 Bc5 44. Kd3 Ke6 45. Bf4 Bd6 46. Bg5 Be7 47. Bxe7 Kxe7 48. Kd4 Kd6 49. b4 f4 50. a3 Ke6 51. Kc5 Ke5 52. Kb6 d4 53. Kxa6 d3 54. a4 d2 55. axb5 d1=Q 56. b6 Qa4+ 0-1

[Event "*** Titled Tuesday Blitz"]
[Site "Chess.com"]
[Date "2019.02.05"]
[Round "4"]
[White "AndrewMcStone"]
[Black "CM_Perligero"]
[Result "1/2-1/2"]
[WhiteElo "2124"]
[BlackElo "2213"]
[TimeControl "180+2"]
[EndTime "13:49:19 PST"]
[Termination "Game drawn by repetition"]

1. d4 d5 2. c4 c6 3. Nc3 Nf6 4. e3 Bg4 5. Qb3 Qb6 6. c5 Qc7 7. Bd3 e5 8. dxe5 Nfd7 9. f4 Nxc5 10. Qc2 Nxd3+ 11. Qxd3 g6 12. Nge2 Na6 13. O-O Nb4 14.
Qd1 Bc5 15. a3 Na6 16. h3 Bd7 17. b4 Be7 18. Bb2 O-O 19. Nd4 Qc8 20. Rc1 Bh4 21. Nxd5 Bxh3 22. gxh3 Qxh3 23. Nf6+ Bxf6 24. exf6 Qg3+ 25.
Kh1 Qh3+ 26. Kg1 Qg3+ 27. Kh1 Qh3+ 28. Kg1 Qg3+ 29. Kh1 Qh3+ 30. Kg1 Qg3+ 1/2-1/2

[Event "*** Titled Tuesday Blitz"]
[Site "Chess.com"]
[Date "2019.02.05"]
[Round "4"]
[White "matiss90"]
[Black "hurricane7791"]
[Result "0-1"]
[WhiteElo "2468"]
[BlackElo "2678"]
[TimeControl "180+2"]
[EndTime "13:49:20 PST"]
[Termination "hurricane7791 won by resignation"]

1. e4 c5 2. Nf3 d6 3. d4 cxd4 4. Nxd4 Nf6 5. Nc3 a6 6. Bc4 e6 7.
Bb3 b5 8. O-O Qc7 9. Re1 Be7 10.
Qf3 O-O 11. a3 Nc6 12. Nxc6 Qxc6 13. Bg5 Bb7 14. Rad1 Qc5 15. Be3 Qc7 16. Bd4 Rac8 17. Qd3 Kh8 18. f3 Nd7 19. Qe2 Ne5 20. f4 Nc4 21.
Rd3 e5 22. fxe5 dxe5 23. Bf2 Bc5 24. Bxc4 Bxf2+ 25. Qxf2 Qxc4 26. Rh3 a5 27. Ree3 b4 28.
Qh4 h6 29. Reg3 Qe6 30. Nd5 Bxd5 31. exd5 Qd6 32. Qe4 f5 33. Qd3 e4 34. Qd4 Rf7 35. axb4 axb4 36. c4 bxc3 37. bxc3 Kh7 38. Rh5 Qc5 39.
Qxc5 Rxc5 40. d6 Rd5 41. Rgg5 g6 42. g4 gxh5 43. Rxh5 Rxd6 44. gxf5 Rd5 45. c4 Rdxf5 0-1

[Event "*** Titled Tuesday Blitz"]
[Site "Chess.com"]
[Date "2019.02.05"]
[Round "4"]
[White "sandager"]
[Black "Kawhi_Leonard2"]
[Result "0-1"]
[WhiteElo "2127"]
[BlackElo "2241"]
[TimeControl "180+2"]
[EndTime "13:49:20 PST"]
[Termination "Kawhi_Leonard2 won on time"]

1. e4 c5 2. Nf3 d6 3. d4 cxd4 4. Nxd4 Nf6 5. Nc3 g6 6. Be3 Bg7 7. Be2 Nc6 8. O-O O-O 9. Nb3 Be6 10. f4 Qc8 11. Bf3 Bg4 12. h3 Bxf3 13. Qxf3 a6 14. a4 Nb4 15. Rf2 Qc4 16. Nd2 Qc6 17. Nb3 Rac8 18.
Rd1 e6 19. Rfd2 Rfd8 20. a5 Qc4 21. Nd4 e5 22. Nde2 Re8 23. b3 Qc7 24. Bb6 Qe7 25.
f5 d5 26. fxg6 hxg6 27. Nxd5 Nfxd5 28. exd5 e4 29. Qg3 Nxc2 30. d6 Qd7 31. Nf4 e3 32.
Re2 Rc6 33. Nd3 Rxd6 34. Rxc2 Rxd3 35. Rxd3 Qxd3 0-1

[Event "*** Titled Tuesday Blitz"]
[Site "Chess.com"]
[Date "2019.02.05"]
[Round "4"]
[White "saraswathii"]
[Black "NotFischer"]
[Result "1-0"]
[WhiteElo "2250"]
[BlackElo "2118"]
[TimeControl "180+2"]
[EndTime "13:49:21 PST"]
[Termination "saraswathii won by resignation"]

1. d4 Nf6 2. Bf4 d6 3. e3 g6 4. Nf3 Bg7 5. Be2 Bg4 6. O-O Nbd7 7. c4 O-O 8. Nc3 c6 9. h3 Bxf3 10.
Bxf3 a5 11. Rc1 Re8 12. Qc2 e5 13. Bg3 Qe7 14. Rfd1 h5 15. Qb3 Nf8 16. dxe5 dxe5 17. Na4 Qb4 18. Nb6 Ra6 19. c5 Ne6 20. Nd7 Nxd7 21.
Rxd7 Qxb3 22. axb3 a4 23. Rxb7 axb3 24. Rxb3 f5 25. Be2 Ra5 26. Bc4 Kh7 27. Rb6 Rxc5 28.
b4 Rxc4 29. Rxc4 f4 30. Rcxc6 fxg3 31. Rxe6 gxf2+ 32. Kxf2 Rf8+ 33. Ke2 Rc8 34. Rxg6 Rc2+ 35. Kf3 Rb2 36. Rge6 Bf8 37. b5 Rb3 38. Rb7+ Kg8 39.
Re8 1-0

[Event "*** Titled Tuesday Blitz"]
[Site "Chess.com"]
[Date "2019.02.05"]
[Round "4"]
[White "Indianlad"]
[Black "gmcorrales"]
[Result "1-0"]
[WhiteElo "2929"]
[BlackElo "2739"]
[TimeControl "180+2"]
[EndTime "13:49:25 PST"]
[Termination "Indianlad won by checkmate"]

1. Nf3 c5 2. e4 d6 3. d4 cxd4 4. Qxd4 Nf6 5. Be2 a6 6. O-O Nc6 7. Qe3 g6 8. Rd1 Bg7 9. c4 Nd7 10. Nc3 O-O 11. b3 Nc5 12. Bb2 Bg4 13. h3 Bxf3 14.
Bxf3 Rc8 15. Rd2 h5 16. Rad1 Kh7 17. Nd5 Bxb2 18. Rxb2 e5 19. Rbd2 Ne6 20. g3 Ncd4 21. h4 b5 22. cxb5 axb5 23. Bg2 Kg7 24. Bh3 Rc5 25. Nc3 b4 26. Nd5 Nb5 27. Bxe6 fxe6 28. Nxb4 Qf6 29. Nc2 Rc3 30. Qe2 Rc5 31. Rf1 Nd4 32.
Nxd4 exd4 33. Rc2 Rxc2 34. Qxc2 e5 35. a4 Qf3 36. a5 d3 37. Qc7+ Rf7 38. Qxd6 Qe2 39.
Qxe5+ Kh7 40. Qd5 Rf3 41. Qd7+ Kh6 42. Qd4 d2 43. Qh8# 1-0

[Event "*** Titled Tuesday Blitz"]
[Site "Chess.com"]
[Date "2019.02.05"]
[Round "4"]
[White "schoolmeester"]
[Black "Genghis_K"]
[Result "0-1"]
[WhiteElo "2719"]
[BlackElo "2810"]
[TimeControl "180+2"]
[EndTime "13:49:25 PST"]
[Termination "Genghis_K won by resignation"]

1. e4 c5 2. Nf3 d6 3. d4 cxd4 4. Nxd4 Nf6 5. Nc3 a6 6. Rg1 e5 7. Nb3 Be6 8. g4 d5 9. exd5 Nxd5 10. Nxd5 Qxd5 11. Qxd5 Bxd5 12. Be3 Nc6 13. O-O-O O-O-O 14. Bb6 Rd7 15. Bd3 g6 16. Nc5 Bxc5 17. Bxc5 f6 18. b3 Bf3 19. Rde1 Rhd8 20. Rg3 e4 21. Be2 Bxe2 22. Rxe2 Re8 23. Rge3 f5 24. gxf5 gxf5 25. f3 Re5 26. b4 b6 27. Bxb6 Nxb4 28. Rb3 Rb5 29.
fxe4 Rxb6 30. a3 Na2+ 31. Kb2 Rxb3+ 32. cxb3 f4 33. Kxa2 f3 34. Rf2 Rd3 35. Kb2 Kd7 36. Kc2 Re3 37. Rd2+ Ke6 38. Rd8 Ke5 39. Re8+ Kd4 40.
e5 f2 41. Rd8+ Ke4 42. Rf8 Rf3 0-1

[Event "*** Titled Tuesday Blitz"]
[Site "Chess.com"]
[Date "2019.02.05"]
[Round "4"]
[White "idvidal"]
[Black "MehdiHosseinipour"]
[Result "0-1"]
[WhiteElo "2486"]
[BlackElo "2537"]
[TimeControl "180+2"]
[EndTime "13:49:26 PST"]
[Termination "MehdiHosseinipour won by resignation"]

1. c4 Nf6 2. Nc3 e5 3. g3 d5 4. cxd5 Nxd5 5. Bg2 Nb6 6. e3 Be7 7. Nge2 O-O 8. O-O Nc6 9. f4 exf4 10. Nxf4 Ne5 11. d4 Ng4 12. h3 Nf6 13. e4 c6 14. e5 Nfd5 15. Ncxd5 Nxd5 16. Nxd5 cxd5 17. Be3 Be6 18. Qb3 Qd7 19. Kh2 Rac8 20. Rac1 b5 21. Rxc8 Rxc8 22. Rf2 Qc6 23. Bf1 a6 24. Bd3 Qd7 25.
Rc2 g6 26. Rxc8+ Qxc8 27. h4 Qd8 28. Kg2 Qd7 29. a4 bxa4 30. Qb8+ Kg7 31. Bxa6 Bf5 32.
Bb5 Be4+ 33. Kh2 Qg4 34. e6 Qf3 35. Qe5+ Bf6 36. Bh6+ Kxh6 0-1

[Event "*** Titled Tuesday Blitz"]
[Site "Chess.com"]
[Date "2019.02.05"]
[Round "4"]
[White "nubair1198"]
[Black "AttilaTurzo"]
[Result "1-0"]
[WhiteElo "2656"]
[BlackElo "2380"]
[TimeControl "180+2"]
[EndTime "13:49:28 PST"]
[Termination "nubair1198 won by resignation"]

1. Nf3 d5 2. d4 c6 3. c4 Nf6 4. Nc3 a6 5. a4 Bf5 6. Qb3 Ra7 7. a5 e6 8. Bf4 Nbd7 9. e3 Nh5 10. Bg5 f6 11.
Bh4 g5 12. Bg3 Nxg3 13. hxg3 Bg7 14. Be2 Bg6 15. Nd2 O-O 16. cxd5 exd5 17. e4 Bf7 18. exd5 f5 19. O-O Bxd4 20. Rfd1 Bxc3 21. bxc3 cxd5 22.
Nf3 Qe7 23. Nd4 Qf6 24. Bf3 Nc5 25. Qb6 Qxb6 26. axb6 Raa8 27. Nxf5 Be6 28. Ne7+ Kg7 29. Nxd5 Rad8 30. Nc7 Bc8 31. Rxd8 Rxd8 32. Bd5 Kf6 33.
f4 Ne6 34. Bxe6 Bxe6 35. fxg5+ Kf5 36. Rf1+ Ke5 37. Re1+ Kd6 38. Rxe6+ Kc5 39. Rh6 Rd7 40.
Ne6+ Kc4 41. Nf8 Rg7 42. Rxh7 Rxg5 43. Rxb7 Kxc3 44. Ra7 a5 45. b7 Rb5 46. Nd7 Kb4 47. b8=Q 1-0

[Event "*** Titled Tuesday Blitz"]
[Site "Chess.com"]
[Date "2019.02.05"]
[Round "4"]
[White "severomorskij"]
[Black "ChristopherYoo"]
[Result "0-1"]
[WhiteElo "2705"]
[BlackElo "2661"]
[TimeControl "180+2"]
[EndTime "13:49:29 PST"]
[Termination "ChristopherYoo won by resignation"]

1. d4 Nf6 2. c4 g6 3. Nc3 d5 4. Bg5 Ne4 5. Bh4 Nxc3 6. bxc3 dxc4 7. e3 Be6 8. Nf3 Nd7 9. d5 Bg4 10. Qd4 Bxf3 11. gxf3 Rg8 12. Bxc4 Bg7 13. Qd2 a6 14. O-O g5 15. Bg3 h5 16. h3 Be5 17. Kh1 h4 18.
Bh2 Bxh2 19. Kxh2 Ne5 20. Be2 Qd6 21. Kg2 O-O-O 22. c4 f5 23. Rab1 g4 24. hxg4 fxg4 25. f4 g3 26. fxe5 h3+ 27. Kg1 Qg6 28. Bd3 gxf2+ 29.
Kxf2 Rdf8+ 30. Ke1 Rxf1+ 31. Bxf1 Qxb1+ 32. Ke2 h2 0-1

[Event "*** Titled Tuesday Blitz"]
[Site "Chess.com"]
[Date "2019.02.05"]
[Round "4"]
[White "playerorkinyo"]
[Black "Vugar_Manafov"]
[Result "1-0"]
[WhiteElo "2345"]
[BlackElo "2373"]
[TimeControl "180+2"]
[EndTime "13:49:30 PST"]
[Termination "playerorkinyo won by resignation"]

1. d4 Nf6 2. c4 e6 3. g3 Bb4+ 4. Bd2 a5 5. Bg2 d5 6. Nf3 O-O 7. O-O c6 8. Qc2 Nbd7 9. Bxb4 axb4 10. Nbd2 b6 11. e4 dxe4 12. Nxe4 Nxe4 13. Qxe4 Ba6 14. b3 c5 15. Rfd1 Qe7 16. dxc5 Nxc5 17. Qe1 Bb7 18. Qxb4 Qf6 19. Nd4 Bxg2 20. Kxg2 Rfd8 21. Qxb6 Ne4 22.
Nf3 g5 23. Qe3 Rxd1 24. Rxd1 Nc3 25. Rd2 g4 26. Ne5 Nxa2 27. Nxg4 Qg6 28. Qf3 Rf8 29. Rxa2 1-0

[Event "*** Titled Tuesday Blitz"]
[Site "Chess.com"]
[Date "2019.02.05"]
[Round "4"]
[White "ElGasanov"]
[Black "rasmussvane"]
[Result "0-1"]
[WhiteElo "2718"]
[BlackElo "2753"]
[TimeControl "180+2"]
[EndTime "13:49:33 PST"]
[Termination "rasmussvane won by resignation"]

1. d4 Nf6 2. Bg5 d5 3. Nd2 c5 4. dxc5 e6 5. e4 Bxc5 6. exd5 Qxd5 7. Ngf3 Nc6 8. Bc4 Qf5 9. O-O Bd7 10. Bd3 Qd5 11.
Qe2 Nd4 12. Nxd4 Qxg5 13. N4f3 Qh5 14. Ne4 Nxe4 15. Bxe4 Rb8 16. Rfd1 Bc6 17. Bxc6+ bxc6 18. Qe4 O-O 19. Ne5 Rxb2 20. Nd7 Rc8 21. g4 Bxf2+ 22. Kg2 Qh4 23. Ne5 Bb6 24. Rd2 h5 25. Rf1 hxg4 26.
Nxg4 Qg5 27. Rd7 Rf8 28. h4 Qc5 29. Rd2 Rb4 30. Qf3 Qe7 31. Qg3 Bc7 32. Qh3 Rd8 33. Rdf2 f5 34. Ne3 Rxh4 35. Qf3 Qg5+ 0-1

[Event "*** Titled Tuesday Blitz"]
[Site "Chess.com"]
[Date "2019.02.05"]
[Round "4"]
[White "psychokiller48"]
[Black "mousavian_hamed"]
[Result "1-0"]
[WhiteElo "2612"]
[BlackElo "2502"]
[TimeControl "180+2"]
[EndTime "13:49:38 PST"]
[Termination "psychokiller48 won by resignation"]

1. e4 e6 2. d4 d5 3. exd5 exd5 4. Bf4 Nf6 5. Qd2 Be7 6. Nc3 c6 7. f3 b5 8. Bd3 a5 9. Nge2 Nbd7 10. O-O O-O 11.
Rae1 Nb6 12. Ng3 Nc4 13. Qc1 b4 14. Na4 Re8 15. Bg5 Be6 16. Re2 h6 17. Bxh6 gxh6 18. Qxh6 Bf8 19. Qh4 Bg7 20. Rfe1 Bd7 21. Bf5 Rxe2 22.
Rxe2 Nd6 23. Bd3 Qf8 24. Nc5 Qc8 25. Re5 a4 26. Rg5 Nde8 27. Qh6 b3 28. cxb3 axb3 29. a3 Qd8 30. Nxd7 Qxd7 31. Nf5 Kf8 32. Rxg7 Ng8 33. Rxg8+ Kxg8 34. Ne7+ Qxe7 35. Qh7+ 1-0

[Event "*** Titled Tuesday Blitz"]
[Site "Chess.com"]
[Date "2019.02.05"]
[Round "4"]
[White "KRASAVCHIK2002"]
[Black "Godzillator"]
[Result "1-0"]
[WhiteElo "2265"]
[BlackElo "2383"]
[TimeControl "180+2"]
[EndTime "13:49:39 PST"]
[Termination "KRASAVCHIK2002 won by resignation"]

1. e4 c6 2. d4 d5 3. e5 Bf5 4. h4 h5 5. Nf3 e6 6. c4 Be7 7. Nc3 Nh6 8. cxd5 exd5 9. Bg5 Nd7 10. Bd3 Bxd3 11. Qxd3 Nf8 12. O-O-O Ne6 13. Be3 Ng4 14. Kb1 Qb6 15. Ne2 O-O-O 16. Rhf1 g6 17. Nf4 Nxe3 18. fxe3 Nxf4 19. exf4 Kb8 20. f5 gxf5 21.
Qxf5 Ba3 22. Rf2 c5 23. dxc5 Bxc5 24. Rc2 d4 25. Ng5 d3 26. Rxd3 Rxd3 27. Qxd3 Rd8 28.
Qe2 Qg6 29. a3 Be7 30. Qc4 Bxg5 31. hxg5 Qb6 32. Qxf7 a6 33. e6 Rd1+ 34. Ka2 Qg1 35.
Qf8+ Ka7 36. Qf2+ Qxf2 37. Rxf2 Re1 38. Rf6 Kb8 39. g6 Re2 40. g7 Rxg2 41. e7 1-0

[Event "*** Titled Tuesday Blitz"]
[Site "Chess.com"]
[Date "2019.02.05"]
[Round "4"]
[White "HindsightIs2700"]
[Black "nochewycandy"]
[Result "0-1"]
[WhiteElo "2257"]
[BlackElo "2322"]
[TimeControl "180+2"]
[EndTime "13:49:40 PST"]
[Termination "nochewycandy won by resignation"]

1. e4 g6 2. d4 Bg7 3. Nf3 d6 4. Bc4 Nf6 5. Qe2 O-O 6. e5 dxe5 7. dxe5 Nd5 8. O-O Bg4 9. Nbd2 c6 10. h3 Be6 11.
Ne4 Nd7 12. Neg5 Qc7 13. Nxe6 fxe6 14. Ng5 Qxe5 15. Nxe6 Qxe2 16. Bxe2 Rf6 17. Nxg7 Kxg7 18. Rd1 Nc5 19. g3 e5 20. c4 Nb4 21. Be3 Ne6 22. Rd7+ Rf7 23. Rad1 Rf8 24. a3 Nc2 25. Bxa7 Ncd4 26.
Rxf7+ Rxf7 27. Bxd4 Nxd4 28. Kf1 Kf6 29. Bg4 h5 30. Be2 h4 31. g4 g5 32. Rd3 Ke6 33. Ke1 c5 34. b4 cxb4 35. axb4 Nc2+ 36. Kf1 Nxb4 37. Rb3 Nc6 38. Bf3 Kd6 39. Bd5 Re7 40. Rf3 Nd4 41. Rf6+ Kc5 42. Rg6 b5 43. Rxg5 bxc4 44.
Bg8 c3 45. Ke1 Nf3+ 46. Kd1 Nxg5 0-1

[Event "*** Titled Tuesday Blitz"]
[Site "Chess.com"]
[Date "2019.02.05"]
[Round "4"]
[White "SantoBlue"]
[Black "TST2014"]
[Result "1-0"]
[WhiteElo "2728"]
[BlackElo "2520"]
[TimeControl "180+2"]
[EndTime "13:49:41 PST"]
[Termination "SantoBlue won by resignation"]

1. e4 c5 2. Nf3 Nc6 3. d4 cxd4 4. Nxd4 Nf6 5. Nc3 d6 6. Bg5 e6 7. Qd2 a6 8. O-O-O Bd7 9. f4 h6 10. Bxf6 Qxf6 11. Nf3 Qd8 12. Kb1 Qc7 13. Bd3 Be7 14.
g4 O-O-O 15. h4 Kb8 16. g5 Bc8 17. Rhe1 hxg5 18. hxg5 Rh3 19. Qg2 Rdh8 20. a3 g6 21. Rh1 R3h5 22. Rhe1 Qa5 23. Bc4 Qc5 24. Bb3 b5 25.
Ne2 Bb7 26. Ng3 Rh3 27. Rh1 Rxh1 28. Nxh1 Qe3 29. Qg3 Nd4 30. Nxd4 Qxe4 31. Nf2 Qg2 32. Qxg2 Bxg2 33. a4 b4 34. a5 d5 35. Nc6+ Kc7 36.
Nxe7 Rh4 37. Nd3 Be4 38. Rf1 Rh8 39. Nc5 Kd6 40. Nxe4+ dxe4 41. Re1 Kxe7 42. Rxe4 Rb8 43. Bc4 Ra8 44. Bd3 Rb8 45. Bxa6 Ra8 46. Bd3 b3 47. a6 bxc2+ 48. Kxc2 Kd6 49. Ra4 Ra7 50. Be4 Kc5 51. Bb7 Kb5 52. b3 Kb6 53. Rc4 Rxb7 54. axb7 Kxb7 55. Kd3 Kb6 56. Ke4 Kb5 57. Ke5 1-0

[Event "*** Titled Tuesday Blitz"]
[Site "Chess.com"]
[Date "2019.02.05"]
[Round "4"]
[White "wanyaland"]
[Black "Karina_Oparina"]
[Result "1-0"]
[WhiteElo "2101"]
[BlackElo "2192"]
[TimeControl "180+2"]
[EndTime "13:49:41 PST"]
[Termination "wanyaland won by resignation"]

1. d4 Nf6 2. c4 e6 3. Nf3 b6 4. g3 Bb7 5. Bg2 Be7 6. Nc3 O-O 7. O-O Ne4 8. Qc2 Nxc3 9. bxc3 Bf6 10. Ng5 Bxg5 11.
Bxb7 Bxc1 12. Bxa8 Bg5 13. Bg2 a5 14. e4 d6 15. f4 Be7 16. e5 c5 17. d5 dxe5 18.
fxe5 Nd7 19. Qe4 Bg5 20. h4 Bh6 21. Rad1 Qc7 22. Rfe1 g6 23. d6 Qd8 24. Re2 Bg7 25.
Qf4 h6 26. Rde1 Qc8 27. h5 g5 28. Qd2 Rd8 29. Qc2 Qa6 30. Qa4 Qa7 31. Bc6 Nb8 32. Bb5 Qb7 33. Re3 Nd7 34. Qc2 Nb8 35. Qe4 Qxe4 36.
Rxe4 Nd7 37. Bxd7 Rxd7 38. Rb1 Rb7 39. Kf2 Kf8 40. Kf3 Ke8 41. Re2 Kd7 42. Ke4 Kc6 43. a4 Kd7 44. Rf2 Kd8 45. Rfb2 f5+ 46. exf6 Bxf6 47. Rxb6 Ra7 48. Rb7 Ra6 49. R1b6 Ra8 50. Rf7 1-0